AoeStats
← jonifarina

Northern Isles

510290617Analyzed
1v1 RM · 16h ago on Sep 30, 2026· 30m 23s· 2 players
Game mode
Random Map
Map size
Tiny (2 player)
Population
200
Speed
Normal
Resources
Standard
Victory
Conquest
Starting age
Dark Age
Ending age
Imperial Age
RankedLock teamsTeams togetherTeam positionsShared explorationLock speedFull tech treeHidden civsTurbo modeCheats
Victory
Defeat
🇪🇸 Lithuanians · Spain
262
+13
🇪🇸 Vikings · Spain
188
-13
jonifarina
1:18 Loom
22:00 Feudal Age
22:05 Man-at-Arms
22:31 Arson
DUDIMAN4329
9:59 Feudal Age
8:17 Loom
14:13 Double-Bit Axe
17:04 Fishing Lines
18:09 Man-at-Arms
19:05 Fletching
19:15 Padded Archer Armor
19:27 Forging
19:17 Scale Mail Armor
26:37 Castle Age
25:13 Wheelbarrow
28:31 Medium Warships
27:41 Demolition Ship
28:13 Gillnets
Connection lost

Rejoining the realm…

Still unreachable

The connection could not be restored.

Session expired

The server has moved on; the page needs a fresh start.